 Dungeon Crawl Stone Soup version 0.25-a0-834-g55863b0b92 (webtiles) character file.

Game seed: 3203231541983520237, levelgen mode: deterministic

81 Maedhros the Charlatan (level 4, 0/28 HPs)
             Began as an Octopode Artificer on Apr 22, 2020.
             Slain by Menkaure (19 damage)
             ... on level 4 of the Dungeon.
             The game lasted 00:03:13 (233 turns).

Maedhros the Charlatan (Octopode Artificer)          Turns: 233, Time: 00:03:17

Health: 0/28       AC:  1    Str: 11    XL:     4   Next: 42%
Magic:  6/6        EV: 13    Int: 13    God:
Gold:   22         SH:  0    Dex: 13    Spells: 3/3 levels left

rFire    . . .     SeeInvis .   a - +0 short sword
rCold    . . .     Gourm    .   (no shield)
rNeg     . . .     Faith    .   (helmet restricted)
rPois    .         Spirit   .   (no amulet)
rElec    .         Reflect  .   (no ring)
rCorr    .         Harm     .   (no ring)
MR       .....                  (no ring)
Stlth    +++.......             (no ring)
HPRegen  0.09/turn              (no ring)
MPRegen  0.10/turn              (no ring)
                                (no ring)
                                (no ring)

@: very slightly contaminated, invisible
A: almost no armour, stealthy swim, amphibious, 8 rings, constrict 8, camouflage
1, gelatinous body 1
a: no special abilities


You were on level 4 of the Dungeon.
You were not hungry.

You visited 1 branch of the dungeon, and saw 4 of its levels.

You collected 22 gold pieces.

Inventory:

Hand Weapons
 a - a +0 short sword (weapon)
Wands
 b - a wand of flame (12)
 c - a wand of enslavement (14)
 d - a wand of random effects (10)
Scrolls
 e - a scroll of remove curse {unknown}
 g - a scroll of teleportation {unknown}
Comestibles
 f - a ration


   Skills:
 - Level 1.0 Fighting
 - Level 1.0 Short Blades
 - Level 2.0 Dodging
 + Level 3.1 Stealth
 * Level 2.6 Unarmed Combat
 + Level 3.9 Evocations


You had 3 spell levels left.
You didn't know any spells.
Your spell library was empty.

Dungeon Overview and Level Annotations

Branches:
Dungeon (4/15)
 Temple: D:4-7

Altars:
Uskayaw

Annotations:
D:4 Menkaure


Innate Abilities, Weirdness & Mutations

You cannot wear most types of armour.
You are very stealthy in the water. (Stealth+)
You are amphibious.
You can wear up to eight rings at the same time.
You can use your tentacles to constrict eight enemies at once.
Your skin changes colour to match your surroundings (Stealth+).
Your rubbery body absorbs attacks. (AC +1, EV +1)


Message History

You are very lightly contaminated with residual magic.
You hit the iguana but do no damage.
The iguana is heavily wounded.
You constrict the iguana.
Menkaure hits the iguana!!
The iguana dies!
Your Stealth skill increases to level 3!
The orc barely misses you.
You hit the orc but do no damage. You grab the orc.
The orc is almost dead.
You constrict the orc, but do no damage.
The orc misses you.
Menkaure hits the orc!
The orc dies!
Really attack your ally Menkaure?
You hit Menkaure but do no damage.
Menkaure is no longer charmed.
Menkaure shouts!
You grab Menkaure.
You constrict Menkaure, but do no damage.
Menkaure hits you!!
Ouch! That really hurt!
You die...

...............#
#.............##
#....!........#
#..<..........# .
##............#..
##..............
##....$........
###.$M........
##.)@...#.
####.### ##


You could see Menkaure.

Vanquished Creatures
  Natasha (twice) (D:2)
  2 worms (D:2)
  A leopard gecko (D:4)
  A ball python (D:3)
  2 bats (D:2)
  A frilled lizard (D:3)
  2 rats (D:2)
11 creatures vanquished.

Vanquished Creatures (collateral kills)
  An iguana (D:4)
  An orc (D:4)
2 creatures vanquished.

Grand Total: 13 creatures vanquished

Notes
Turn   | Place    | Note
-------+----------+-------------------------------------------
     0 | D:1      | Maedhros the Octopode Artificer began the quest for the
                  | Orb.
     0 | D:1      | Reached XP level 1. HP: 13/13 MP: 3/3
    43 | D:2      | Noticed Natasha
    50 | D:2      | Killed Natasha
    50 | D:2      | Reached skill level 1 in Unarmed Combat
    50 | D:2      | Reached XP level 2. HP: 17/18 MP: 4/4
    50 | D:2      | Reached XP level 3. HP: 22/23 MP: 5/5
   146 | D:2      | Noticed Natasha
   151 | D:2      | Killed Natasha
   151 | D:2      | Reached XP level 4. HP: 15/28 MP: 6/6
   196 | D:3      | Noticed a +0 dagger
   196 | D:3      | Noticed a +0 hand axe
   200 | D:3      | Found a hide-covered altar of Uskayaw.
   214 | D:4      | Noticed Menkaure
   233 | D:4      | Slain by Menkaure

Levels and vault maps discovered:
D:1:      saegor_arrival_simple_d, layout_basic, corner_web_ring,
          nicolae_ashenzari_panopticon
D:2:      layout_loops_ring, uniq_natasha
D:3:      layout_basic, old_standard_altar, lemuel_doored_altar,
          dancing_weapons_uskayaw, first_ration
D:4:      layout_cave_pods, lemuel_tele_altar, uniq_menkaure

Skill      XL: |  1  2  3  4 |
---------------+-------------+-----
Stealth        | 2 3 |  3.1
Unarmed Combat | 1 2 |  2.6
Fighting       | |  1.0
Short Blades   | |  1.0
Dodging        | |  2.0
Evocations     | |  3.9

Action                   |  1- 3 |  4- 6 || total
-------------------------+-------+-------++-------
Melee: Short sword       |    12 |     9 ||    21
       Constrict         |     3 |     4 ||     7
       Tentacles         |     1 |       ||     1
Evoke: Wand              |     7 |     2 ||     9
  Use: Potion            |       |     1 ||     1
 Stab: Sleeping          |     1 |     2 ||     3
Armor: Skin              |     3 |       ||     3
Dodge: Dodged            |     4 |     8 ||    12

Table legend:
 A = Non-vault XP
 B = Vault XP
 C = Vault XP percentage of total XP
 D = Non-vault monster count
 E = Vault monster count
 F = Vault count percentage of total count
                 A         B        C        D         E       F
            +---------+---------+-------+---------+---------+-------
      Total |      82 |      35 |  29.9 |      12 |       1 |   7.7
            +---------+---------+-------+---------+---------+-------
        D:2 |      49 |      35 |  41.7 |       7 |       1 |  12.5
        D:3 |       3 |       0 |   0.0 |       2 |       0 |   0.0
        D:4 |      30 |       0 |   0.0 |       3 |       0 |   0.0
            +---------+---------+-------+---------+---------+-------
